Map: Pride of Altaris LE

Players

BuckNasty

  • Race: Terran Terran
  • League: Platinum

Pandemic - Winner!

  • Race: Terran Terran
  • League: Platinum

VOD

Have the link to the VOD?

Description

Time

  • Played on: Oct. 23, 2021, 8:42 p.m.
  • Length: 11:30
Show
View Real Time Build Order
Export as new Build Order

BuckNasty Terran 

Build Orders:  

Get SALT Encoding   

  12  0:00  SCV  
  13  0:12  SCV  
  14  0:17  Supply Depot  
  14  0:24  SCV  
  14  0:27  Refinery  
  15  0:38  SCV  
  16  0:46  Barracks  
  16  0:50  SCV  
  17  1:02  SCV  
  18  1:15  SCV  
  19  1:33  Orbital Command, Reaper  
  20  1:54  Supply Depot  
  20  2:00  SCV  
  20  2:01  Factory  
  21  2:05  Barracks Reactor  
  21  2:15  SCV  
  22  2:21  Refinery  
  22  2:27  SCV  
  22  2:39  SCV, Command Center  
  22  2:42  Marine x2  
  25  2:47  Factory Tech Lab  
  25  2:56  SCV  
  26  3:00  Marine x2  
  28  3:08  Cyclone  
  31  3:26  SCV  
  31  3:40  Supply Depot  
  31  3:50  SCV, Marine x2, Siege Tank  
  37  4:01  Starport  
  37  4:03  Refinery, SCV  
  38  4:15  SCV  
  39  4:23  Orbital Command  
  39  4:27  SCV  
  39  4:28  Marine  
  39  4:29  Siege Tank, Marine  
  45  4:39  SCV  
  45  4:40  Starport Tech Lab  
  46  4:50  SCV  
  46  4:51  SCV  
  46  4:52  Marine x2  
  50  5:02  SCV  
  50  5:03  SCV  
  50  5:04  Raven  
  54  5:17  Supply Depot  
  54  5:20  Siege Tank, SCV x2  
  59  5:22  Supply Depot  
  59  5:26  Marine x2  
  61  5:32  SCV x2  
  62  5:37  Barracks x2  
  62  5:47  Supply Depot  
  62  5:48  Supply Depot  
  62  5:50  Raven  
  62  5:51  Marine  
  62  5:52  SCV, Marine  
  62  5:53  SCV  
  65  6:05  SCV x2  
  65  6:08  Refinery  
  65  6:09  Supply Depot  
  67  6:17  SCV x2, Engineering Bay  
  67  6:18  Marine, Engineering Bay  
  70  6:31  Marine  
  70  6:32  Siege Tank  
  75  6:35  Barracks Tech Lab  
  75  6:38  Barracks Reactor  
  74  6:45  Barracks  
  74  6:46  Starport Reactor, Command Center  
  74  6:48  Marine  
  74  6:49  SCV  
  76  6:59  Marine  
  76  7:01  Marine  
  77  7:03  SCV  
  77  7:04  SCV  
  80  7:14  Marine x3  
  83  7:17  Marine  
  83  7:22  Stimpack  
  82  7:23  Marine  
  82  7:25  Medivac x2  
  84  7:32  Marine x2  
  86  7:38  Marine x2  
  86  7:39  Siege Tank  
  86  7:41  Marine, SCV x2  
  94  7:46  Terran Infantry Weapons Level 1  
  94  7:51  Armory  
  94  7:53  SCV x2  
  94  7:54  Terran Infantry Armor Level 1  
  94  7:55  Medivac  
  98  8:01  Missile Turret  
  98  8:03  Marine x4  
  102  8:06  Marine  
  102  8:08  Marine  
  102  8:12  Medivac, Supply Depot  
  95  8:21  Marine  
  95  8:22  Marine x3  
  95  8:23  Siege Tank  
  95  8:24  Marine, SCV x2  
  95  8:26  Marine  
  97  8:36  SCV  
  97  8:37  SCV  
  99  8:44  Marine x3  
  99  8:45  Marine x2  
  99  8:46  Missile Turret  
  99  8:48  Missile Turret, SCV  
  105  8:49  SCV  
  105  8:54  Supply Depot  
  105  8:55  Supply Depot  
  106  8:59  Supply Depot  
  85  9:17  Marine x2  
  85  9:18  Marine x3  
  85  9:19  Viking x2  
  94  9:29  SCV x2  
  94  9:30  Marine  
  88  9:41  SCV x2  
  88  9:44  Barracks Tech Lab  
  90  9:47  Barracks  
  90  9:48  Combat Shield  
  90  9:52  Barracks  
  90  9:53  SCV x2  
  93  10:02  Orbital Command  
  93  10:04  Marine x2  
  93  10:05  Marine x4  
  98  10:22  Marine x2  
  98  10:23  Marine x3  
  103  10:29  Viking x2  
  103  10:30  Refinery  
  103  10:31  Refinery, Marine  
  103  10:35  Barracks Reactor  
  108  10:39  SCV  
  108  10:40  Barracks, SCV x2, Marine x2  
  95  10:51  SCV  
  95  10:56  Marine x4  
Show
View Real Time Build Order
Export as new Build Order

Pandemic Terran - Winner!

Build Orders:  

Get SALT Encoding   

  12  0:05  SCV  
  13  0:17  SCV  
  13  0:20  Supply Depot  
  14  0:29  SCV  
  15  0:42  SCV  
  16  0:44  Barracks  
  16  0:47  Refinery  
  16  0:54  SCV  
  17  1:06  SCV  
  18  1:18  SCV  
  20  1:35  Reaper  
  20  1:37  Orbital Command  
  20  1:54  Command Center  
  20  2:04  Supply Depot, SCV  
  21  2:11  Barracks Reactor  
  21  2:16  SCV  
  22  2:28  SCV  
  23  2:38  Bunker  
  23  2:40  SCV  
  23  2:42  Factory  
  24  2:47  Refinery  
  24  2:48  Barracks  
  24  2:52  Marine x2  
  24  2:54  SCV  
  27  3:06  SCV  
  27  3:08  Orbital Command  
  28  3:18  SCV  
  27  3:20  Marine  
  28  3:29  Factory Tech Lab, Marine  
  28  3:30  SCV  
  30  3:34  Barracks, SCV  
  30  3:37  Barracks Tech Lab  
  30  3:38  Marine  
  32  3:42  SCV  
  32  3:46  Supply Depot, SCV  
  32  3:47  Marine  
  35  3:51  Cyclone  
  35  3:54  SCV  
  39  3:56  Marine  
  39  4:00  SCV  
  41  4:05  Marine  
  41  4:07  SCV  
  43  4:11  Engineering Bay  
  43  4:12  SCV  
  43  4:16  Starport  
  44  4:19  Marine x2, SCV  
  47  4:24  SCV  
  47  4:28  Supply Depot  
  47  4:31  SCV  
  49  4:32  Siege Tank  
  49  4:34  Marine  
  49  4:36  Barracks Tech Lab, SCV  
  54  4:39  Combat Shield  
  54  4:48  Terran Infantry Weapons Level 1  
  54  4:50  SCV x2  
  54  4:51  Supply Depot  
  54  4:52  Marine x3  
  59  5:00  Marine  
  59  5:02  SCV x2  
  59  5:04  Starport Tech Lab  
  62  5:13  Marine x2  
  64  5:14  SCV x2  
  64  5:18  Marine  
  64  5:19  Marine  
  68  5:26  SCV x2  
  68  5:27  Supply Depot x2  
  70  5:30  Supply Depot  
  70  5:34  Supply Depot  
  70  5:36  Refinery  
  70  5:48  Medivac, SCV x2, Marine x4  
  78  6:00  SCV x2  
  80  6:06  Marine  
  80  6:07  Armory  
  80  6:09  Supply Depot  
  81  6:12  SCV x2  
  81  6:16  Refinery  
  83  6:18  Viking  
  83  6:25  SCV x2  
  87  6:28  Siege Tank  
  87  6:32  Supply Depot  
  90  6:37  SCV x2  
  90  6:38  Command Center  
  92  6:42  Supply Depot  
  92  6:43  Supply Depot  
  91  6:48  Viking  
  93  6:57  SCV x2  
  93  7:00  Siege Tank, Marine x4  
  102  7:09  SCV x2  
  104  7:18  Medivac, Marine x4  
  109  7:24  SCV x2  
  111  7:36  SCV x2, Marine x4  
  117  7:41  Terran Vehicle Weapons Level 1  
  117  7:44  Starport  
  117  7:45  Factory  
  117  7:47  Engineering Bay  
  117  7:48  Viking  
  117  7:50  SCV x2  
  122  7:53  Marine  
  122  7:54  Marine x2  
  122  7:55  Marine  
  125  8:02  SCV  
  126  8:11  Marine  
  126  8:12  Marine x3  
  127  8:13  Stimpack  
  127  8:18  Viking  
  124  8:21  Siege Tank  
  124  8:23  Starport Tech Lab  
  120  8:29  Marine  
  120  8:30  Marine x3  
  120  8:33  Orbital Command  
  118  8:34  SCV  
  119  8:42  Factory Tech Lab  
  119  8:47  Refinery, Viking, Marine  
  119  8:48  SCV, Viking, Marine x3  
  127  8:49  Terran Infantry Weapons Level 2  
  127  8:50  Refinery  
  127  8:51  SCV  
  127  8:53  Siege Tank  
  132  8:57  Barracks  
  132  8:58  Barracks  
  132  9:05  Marine  
  130  9:17  Viking, Marine x3  
  130  9:18  Viking  
  130  9:19  SCV  
  130  9:22  Marine  
  139  9:28  Barracks  
  139  9:29  Barracks  
  139  9:35  Marine x3  
  142  9:39  Siege Tank  
  142  9:40  Siege Tank, Marine  
  149  9:51  Barracks Reactor x2  
  149  9:52  Supply Depot x3  
  149  10:06  Supply Depot  
  149  10:09  Supply Depot  
  149  10:11  SCV x3, Viking, Marine x3  
  149  10:13  Marine  
  149  10:14  Viking  
  160  10:22  Command Center  
  160  10:23  SCV x3  
  163  10:29  Marine x2  
  163  10:30  Marine x5  
  163  10:31  Marine  
  163  10:32  Barracks Reactor x2  
  163  10:34  Siege Tank x2  
  163  10:35  SCV  
  178  10:41  Viking  
  180  10:43  Viking  
  180  10:46  Marine x2  
  180  10:47  Marine  
  180  10:48  Marine x2  
  186  10:51  Marine  
  186  10:52  Marine x2  
  185  11:04  Marine x2  
  185  11:05  Marine x3  
  185  11:09  Marine  
Tags
 
Add a new tag
Caveats
  • Supply blocks, unpowered buildings, or Contaminate may cause inaccurate times.
  • Supply counts are checked every 10 seconds.